 Dungeon Crawl Stone Soup version 0.23.0 (webtiles) character file.

Game seed: 2828678595240037403

346 kaze the Chopper (level 6, -1/56 HPs)
             Began as a Hill Orc Fighter on Feb 11, 2019.
             Killed by divine providence
             ... invoked by an orc priest
              (12 damage)
             ... on level 4 of the Dungeon.
             The game lasted 00:04:01 (2993 turns).

kaze the Chopper (Hill Orc Fighter)                 Turns: 2993, Time: 00:04:02

Health: -1/56      AC: 13    Str: 21    XL:     6   Next: 59%
Magic:  6/6        EV:  5    Int:  8    God:
Gold:   151        SH:  9    Dex: 10    Spells: 5/5 levels left

rFire    x . .     SeeInvis .   a - +0 war axe
rCold    + . .     Gourm    .   c - +0 shield
rNeg     . . .     Faith    .   l - +4 chain mail {MR+}
rPois    +         Spirit   .   (no helmet)
rElec    .         Reflect  .   (no cloak)
rCorr    .         Harm     .   (no gloves)
MR       +....                  (no boots)
Stlth    ..........             (no amulet)
HPRegen  0.18/turn              b - ring of poison resistance
MPRegen  0.10/turn              e - ring of ice

@: no status effects
A: no striking features
a: Convert to Beogh


You were on level 4 of the Dungeon.
You were not hungry.

You visited 1 branch of the dungeon, and saw 4 of its levels.

You collected 151 gold pieces.

Inventory:

Hand Weapons
 a - a +0 war axe (weapon)
Armour
 c - a +0 shield (worn)
 l - a +4 chain mail of magic resistance (worn)
Jewellery
 b - a ring of poison resistance (left hand)
 e - a ring of ice (right hand)
 m - an uncursed ring of positive energy {unknown}
Wands
 o - a wand of digging (7)
Scrolls
 h - 2 scrolls of remove curse
 k - a scroll of enchant armour {unknown}
 n - 2 scrolls of blinking {unknown}
Potions
 d - a potion of haste {unknown}
 g - 2 potions of agility
 i - a potion of mutation
 j - 3 potions of magic {unknown}
 p - a potion of berserk rage {unknown}
 r - a potion of brilliance {unknown}
Comestibles
 f - 6 rations


   Skills:
 + Level 5.1 Fighting
 + Level 6.1 Axes
 + Level 4.3 Armour
 + Level 0.7 Dodging
 + Level 0.1 Stealth
 + Level 4.3 Shields


You had 5 spell levels left.
You didn't know any spells.
Your spell library was empty.

Dungeon Overview and Level Annotations

Branches:
Dungeon (4/15)
 Temple: D:4-7

Altars:
Cheibriados


Message History

Reactivating autopickup.
The orc wizard hits you but does no damage.
You closely miss the orc wizard.
The orc wizard is almost dead.
The orc wizard hits you but does no damage.
The orc wizard mumbles some strange words.
The orc wizard flickers and vanishes!
Deactivating autopickup; reactivate with Ctrl-A.
You closely miss something.
You hear some strange, mumbled words.
A puff of flame appears from out of thin air!
The puff of flame misses you.
The orc priest shouts, "Beogh is our master!
Accept the truth or die!"
You barely miss something. Something hits you but does no damage.
The orc priest looks satisfied for a moment.
You hit something but do no damage. Something hits you.
* * * LOW HITPOINT WARNING * * *
The orc priest invokes the aid of Beogh against you.
Beogh smites you!
You die...

##.........##### #..
#..........# #..
#.####....################
#.# #....................
#.# ##'#############.....
#.# #.#.................
##.#####.#.###########.####
#........#.# .........# #
#........#@# #######..###
#.######.#{# .........#..
#.#......#o# .#######.#..
#.#......#o# #.......
#.#......#o# #.##.#..
#.######.#.# #.##.... #.#
#.#.# #.####..
##.######.#.# #.# ###
#.........# #.# #


You could see 2 orc priests and an orc.

Vanquished Creatures
  The ghost of bmj180 the Covered, an amateur MiFi (D:3)
  An ogre (D:4)
  A hound (D:2)
  An orc wizard (D:4)
  Terence (D:2)
  3 gnolls (D:2)
  An adder (D:3)
  A worm (D:3)
  2 leopard geckos
  An orc (D:4)
  4 bats
  A giant cockroach (D:1)
  3 goblins
  4 hobgoblins
  9 jackals
  3 quokkas
  8 frilled lizards
  3 kobolds (D:1)
  A leopard gecko skeleton (D:4)
  5 rats
54 creatures vanquished.

Notes
Turn   | Place    | Note
-------+----------+-------------------------------------------
     0 | D:1      | kaze the Hill Orc Fighter began the quest for the Orb.
     0 | D:1      | Reached XP level 1. HP: 19/19 MP: 1/1
   218 | D:1      | Reached XP level 2. HP: 27/27 MP: 2/2
   779 | D:2      | Reached skill level 3 in Axes
   816 | D:2      | Reached XP level 3. HP: 29/34 MP: 3/3
   882 | D:2      | Noticed Terence
   895 | D:2      | Killed Terence
   895 | D:2      | Reached skill level 4 in Axes
   895 | D:2      | Reached XP level 4. HP: 30/41 MP: 4/4
   932 | D:2      | Found a faded altar of an unknown god.
  1485 | D:3      | Reached XP level 5. HP: 43/47 MP: 5/5
  1512 | D:3      | Found a runed translucent door.
  1512 | D:3      | Noticed bmj180's ghost (amateur MiFi)
  1541 | D:3      | Killed bmj180's ghost
  1541 | D:3      | Reached skill level 5 in Axes
  1807 | D:3      | Found a snail-covered altar of Cheibriados.
  2240 | D:4      | Reached skill level 5 in Fighting
  2250 | D:4      | Reached XP level 6. HP: 56/56 MP: 6/6
  2969 | D:4      | Reached skill level 6 in Axes
  2993 | D:4      | Killed from afar by an orc priest

Skill      XL: |  1  2  3  4  5  6 |
---------------+-------------------+-----
Axes           | 3 4 5 6 |  6.1
Fighting       | 4 5 |  5.1
Armour         | 4 |  4.3
Shields        | 4 |  4.3
Dodging        | |  0.7
Stealth        | |  0.1

Action                   |  1- 3 |  4- 6 || total
-------------------------+-------+-------++-------
Melee: War axe           |    68 |   168 ||   236
  Use: Scroll            |       |     5 ||     5
       Potion            |       |     1 ||     1
  Eat: Chunk             |       |     4 ||     4
       Ration            |       |     1 ||     1
Armor: Scale mail        |    26 |       ||    26
       Chain mail        |       |   104 ||   104
Dodge: Dodged            |    25 |    27 ||    52
Block: Shield            |    47 |    61 ||   108
